 Dungeon Crawl Stone Soup version 0.32-a0-999-gfa1cc04b1d (webtiles) character file.

Game seed: 14061024774568653446

140 Cancer the Sneak (level 5, 0/33 HPs)
             Began as an Octopode Shapeshifter on Apr 24, 2024.
             Slain by an orc
             ... wielding a +0 hand axe
              (6 damage)
             ... on level 3 of the Dungeon.
             The game lasted 00:03:32 (2123 turns).

Cancer the Sneak (Octopode Shapeshifter)            Turns: 2123, Time: 00:03:32

Health: 0/33       AC:  1    Str: 15    XL:     5   Next: 23%
Magic:  5/5        EV: 12    Int: 12    God:
Gold:   153        SH:  0    Dex: 12    Spells: 4/4 levels left

rFire   . .          .
                       - Unarmed
rCold   . . .        (no shield)
rNeg    . . .        (helmet currently unavailable)
rPois   .            (no amulet)
rElec   .            (no ring)
rCorr   .            (no ring)
SInv    .            (no ring)
Will    .....        (no ring)
Stlth   ++++         (no ring)
HPRegen 0.25/turn    (no ring)
MPRegen 0.09/turn    (no ring)
                     (no ring)

%: no passive effects
@: beast-form
A: beast (slay +2), almost no armour, amphibious, 8 rings, camouflage 1,
gelatinous body 1, (nimble swimmer 1), tentacles
a: Begin Untransformation


You were on level 3 of the Dungeon.
You were a hulking beast.
You visited 1 branch of the dungeon, and saw 3 of its levels.

You collected 153 gold pieces.

Inventory:

Talismans
 b - a beast talisman (active)
 c - a flux talisman
Scrolls
 d - 5 scrolls of identify {unknown}
 e - a scroll of summoning {unknown}
 g - a scroll of vulnerability {unknown}
 i - a scroll of noise {unknown}
 j - a scroll of brand weapon {unknown}
 k - a scroll of amnesia {unknown}
Potions
 a - a potion of lignification
 f - 2 potions of curing
 h - a potion of attraction {unknown}
 l - a potion of brilliance {unknown}
 m - a potion of heal wounds {unknown}


   Skills:
 - Level 1.0 Fighting
 - Level 2.0 Dodging
 - Level 6.0 Stealth
 - Level 3.0 Unarmed Combat
 + Level 3.6 Shapeshifting


You had 4 spell levels left.
You didn't know any spells.
Your spell library contained the following spells:

 Spells                   Type           Power      Damage    Failure   Level
 Sandblast                Erth           0%         2d4       32%         1
 Hailstorm                Conj/Ice       0%         3d5       69%         3
 Passwall                 Erth           0%         N/A       69%         3
 Stone Arrow              Conj/Erth      0%         3d7       69%         3
 Summon Ice Beast         Ice/Summ       0%         N/A       69%         3
 Permafrost Eruption      Ice/Erth       0%         2x4d1     100%        6
 Sculpt Simulacrum        Ice/Alch       0%         N/A       100%        6


Dungeon Overview and Level Annotations

Branches:
Dungeon (3/15)

Altars:
Sif Muna

Shops:
D:3 (

Annotations:
D:1 cur
D:3 wall, Ijyb


Innate Abilities, Weirdness & Mutations

You are a hulking beast.
Your limbs bulge with bestial killing power. (Slay +2)
You cannot wear most types of armour.
You are amphibious.
You can wear up to eight rings at the same time.
Your skin changes colour to match your surroundings (Stealth+).
Your rubbery body absorbs attacks. (AC +1, EV +1)
((You are camouflaged when in or above water. (Stealth+)))
You have tentacles for arms and can constrict up to eight enemies at once.


Message History

You tentacle-slap the ball python. Your grab misses the ball python.
Your squeeze misses the ball python.
The ball python is severely wounded.
The ball python bites you. The ball python barely misses you.
The ball python closely misses you. The ball python completely misses you.
There are monsters nearby!
You tentacle-slap the ball python.
You kill the ball python!
There are monsters nearby!
Found a stone staircase leading up. 3 orcs come into view.
You see here a wand of digging (8).
An orc comes into view. It is wielding a +0 whip.
The goblin shouts!
The orc shouts!
The goblin hits you with a +0 club.
You tentacle-slap the goblin.
You kill the goblin!
The orc priest hits you with a +0 club.
You closely miss the orc priest. You grab the orc priest.
You constrict the orc priest. The orc priest hits you with a +0 club.
You tentacle-slap the orc priest.
The orc priest is moderately wounded.
You constrict the orc priest.
The orc priest struggles to escape constriction.
The orc completely misses you. The orc barely misses you.
Unknown command.
You tentacle-slap the orc priest.
The orc priest is severely wounded.
You constrict the orc priest. The orc priest barely misses you.
The orc completely misses you. The orc misses you.
You tentacle-slap the orc priest. You squeeze the orc priest.
You kill the orc priest!
The orc hits you with a +0 hand axe. The orc misses you.
The orc hits you with a +0 morningstar!
* * * LOW HITPOINT WARNING * * *
You have reached level 5!
You feel agile. The orc hits you with a +0 hand axe.
You die...

#.......#
#.......#
#.......##
#...<.....
#.......#
#.......#
#ooo....#
#.o.#
#h#.# #/#
#
#####.#.#
#.......#
#.###.###
#.# #.#
#.# #.#
#.# #.#
#.# #.#
#.#


You could see 4 orcs.

Vanquished Creatures
  An orc priest (D:3)
  A hound zombie (D:3)
  2 adders (D:2)
  An adder skeleton (D:3)
  An adder zombie (D:3)
  A dart slug (D:1)
  4 ribbon worms
  An orc (D:3)
  2 spectral bats (D:3)
  4 ball pythons
  4 endoplasms
  3 giant cockroaches
  5 goblins
  2 hobgoblins
  4 jackals (D:3)
  A quokka (D:1)
  8 bats
  2 frilled lizards (D:1)
  8 kobolds
  4 rats (D:1)
59 creatures vanquished.

Notes
Turn   | Place    | Note
-------+----------+-------------------------------------------
     0 | D:1      | Cancer the Octopode Shapeshifter began the quest for the
                  | Orb.
     0 | D:1      | Reached XP level 1. HP: 13/13 MP: 1/1
    70 | D:1      | Reached skill level 1 in Stealth
    75 | D:1      | Reached skill level 2 in Stealth
    78 | D:1      | Reached XP level 2. HP: 15/18 MP: 2/2
   151 | D:1      | Reached skill level 3 in Stealth
   449 | D:1      | Reached XP level 3. HP: 11/23 MP: 3/3
   640 | D:1      | Reached skill level 4 in Stealth
   895 | D:2      | Identified the -1 pair of gloves of the Wumpus {Harm +Inv
                  | rF+ rN++}
  1312 | D:2      | Reached skill level 5 in Stealth
  1312 | D:2      | Reached XP level 4. HP: 23/28 MP: 4/4
  1487 | D:3      | Found Dinky's Weapon Shoppe.
  1652 | D:3      | Noticed Ijyb
  1985 | D:3      | Found a shimmering blue altar of Sif Muna.
  1992 | D:3      | Reached skill level 6 in Stealth
  2123 | D:3      | Reached XP level 5. HP: 6/33 MP: 5/5
  2123 | D:3      | Slain by an orc

Illustrated notes

Levels and vault maps discovered:
D:1:      shiori_arrival_oz, layout_loops_ring
D:2:      layout_loops_cross
D:3:      layout_loops_ring, nicolae_sif_muna_condensation, serial_shops,
          shop_statue, serial_undead, serial_undead_a, serial_undead_a,
          serial_undead_d, serial_undead_f, goddamned_bats, uniq_ijyb

Skill      XL: |  1  2  3  4 |
---------------+-------------+-----
Stealth        | 2 3 5 6 |  6.0
Fighting       | |  1.0
Dodging        | |  2.0
Unarmed Combat | |  3.0
Shapeshifting  | |  3.6

Action                     |  1- 3 |  4- 6 || total
---------------------------+-------+-------++-------
  Melee: Unarmed           |    67 |    39 ||   106
         Constrict         |    11 |    11 ||    22
         Tentacles         |     8 |    14 ||    22
         Punch             |     2 |     1 ||     3
    Use: Potion            |     1 |       ||     1
   Stab: Sleeping          |    10 |     7 ||    17
 Armour: Skin              |    26 |    26 ||    52
  Dodge: Dodged            |    28 |    22 ||    50

Table legend: (Time is in decaauts)
 A = Elapsed time spent in this place.
 B = Non-inter-level travel time spent in this place.
 C = Inter-level travel time spent in this place.
 D = Time resting spent in this place.
 E = Time spent auto-exploring this place.
 F = Levels seen in this place.
 G = Mean time per level.
                   A        B        C        D        E       F      G
               +--------+--------+--------+--------+--------+-----+--------+
         Total |   2117 |   2014 |    103 |      0 |   1551 |   3 |  705.7 |
       Dungeon |   2117 |   2014 |    103 |      0 |   1551 |   3 |  705.7 |
               +--------+--------+--------+--------+--------+-----+--------+

Top non-repeatable levels by time:
     D:1: 754 daAuts
     D:2: 726 daAuts
     D:3: 636 daAuts
